 Dungeon Crawl Stone Soup version 0.28.0 (console) character file.

Game seed: 12545125565116140667

90 isthmus the Chopper (level 4, 0/39 HPs)
             Began as a Hill Orc Monk on Feb 10, 2022.
             Was a Priest of Makhleb.
             Slain by an orc (7 damage)
             ... on level 3 of the Dungeon.
             The game lasted 00:06:12 (2624 turns).

isthmus the Chopper (Hill Orc Monk)                 Turns: 2624, Time: 00:06:13

Health: 0/39       AC:  3    Str: 15    XL:     4   Next: 56%
Magic:  4/4        EV: 12    Int: 10    God:    Makhleb [***...]
Gold:   59         SH:  0    Dex: 13    Spells: 3/3 levels left

rFire   . . .      SeeInvis .   a - +0 hand axe
rCold   . . .      Faith    .   (no shield)
rNeg    . . .      Spirit   .   i - +0 leather armour
rPois   .          Reflect  .   (no helmet)
rElec   .          Harm     .   (no cloak)
rCorr   .          Rampage  .   (no gloves)
Will    .....                   (no boots)
Stlth   ++........              (no amulet)
HPRegen 0.13/turn               (no ring)
MPRegen 0.09/turn               (no ring)

@: about to teleport
A: no striking features
a: Renounce Religion, Minor Destruction, Lesser Servant of Makhleb


You were on level 3 of the Dungeon.
You worshipped Makhleb.
Makhleb was most pleased with you.
You visited 1 branch of the dungeon, and saw 3 of its levels.

You collected 119 gold pieces.
You spent 60 gold pieces at shops.

Inventory:

Hand Weapons
 a - a +0 hand axe (weapon)
Missiles
 d - 23 stones (quivered)
 f - 10 sling bullets
 j - 14 bolts
Armour
 b - a +0 robe
 e - a +0 chain mail
 i - a +0 leather armour (worn)
Scrolls
 c - 2 scrolls of identify


   Skills:
 - Level 3.6 Fighting
 * Level 6.7 Axes
 - Level 2.4 Dodging
 - Level 1.5 Stealth
 + Level 1.2 Invocations


You had 3 spell levels left.
You didn't know any spells.
Your spell library contained the following spells:

 Spells                   Type           Power      Damage    Failure   Level
 Foxfire                  Conj/Fire      0%         2x1d4     43%         1
 Conjure Flame            Conj/Fire      0%         6-21      80%         3
 Inner Flame              Hex/Fire       0%         N/A       80%         3
 Flame Wave               Conj/Fire      0%         2d4       99%         4


Dungeon Overview and Level Annotations

Branches:
Dungeon (3/15)

Altars:
Makhleb

Shops:
D:2 ?::*=


Message History

Unknown command.
An endoplasm comes into view.
A goblin comes into view.
It is wielding a +0 club and carrying a wand of flame (24).
The goblin shouts!
The goblin zaps a wand.
The puff of flame misses you.
The goblin zaps a wand.
The puff of flame hits you.
An adder comes into view.
An orc comes into view. It is wielding a +0 flail.
Found a scroll labelled JOXTAT OWESON.
The orc shouts!
The adder hisses angrily.
You hear an angry hiss.
You hear a shout!
Saving game... please wait.
You hear the sound of rushing water.
There is an entrance to a sewer on this level.
Hurry and find it before the portal rusts away!
Welcome back, isthmus the Hill Orc Monk.
Blood and souls for Makhleb!
Press ? for a list of commands and other information.
Okay, then.
The goblin zaps a wand.
The puff of flame hits you.
Aiming: Minor Destruction (13% risk of failure)
Press: ? - help, Shift-Dir - straight line, f - orc
Aim: an orc, wielding a +0 flail You fail to use your ability.
A frilled lizard comes into view.
The goblin zaps a wand.
The puff of flame hits you!
* * * LOW HITPOINT WARNING * * *
Aiming: Minor Destruction (13% risk of failure)
Press: ? - help, Shift-Dir - straight line, f/p - orc
Aim: an orc, wielding a +0 flail The orc writhes in agony.
The orc closely misses you.
Aiming: Minor Destruction (13% risk of failure)
Press: ? - help, Shift-Dir - straight line, f/p - orc
Aim: an orc, wielding a +0 flail (lightly wounded)
The stone arrow misses the orc.
The stone arrow misses the adder.
The orc barely misses you.
The goblin zaps a wand.
The puff of flame hits you.
* * * LOW HITPOINT WARNING * * *
Unknown command.
It was a potion of magic.
Magic courses through your body. The orc misses you.
As you read the scroll of teleportation, it crumbles to dust.
You feel strangely unstable. The orc hits you with a +0 flail!
You die...

#.................+ ..
#.......#.........###.
#.......#.....#...†.#.
#.......#.....#.###)#.
##.....########.##....
###..## #.##.... ##.#
#.##..[. #.# #)#.....
#g# #.#..... #.#
#.#..... #@# #.#.####
#o# #.#. #S# #.#.
#......# #.# ≈.l....#
#.# .≈.....?# #.#
#≈......... ...
##.##...... ... #.
...... #. ......


You could see an adder, an orc, a goblin and a frilled lizard.

Vanquished Creatures
  2 adders (D:3)
  A dart slug (D:1)
  A ball python (D:2)
  2 bats
  2 endoplasms (D:1)
  3 giant cockroaches
  6 hobgoblins
  4 jackals (D:1)
  7 kobolds
  2 quokkas (D:1)
  7 goblins
  4 rats
41 creatures vanquished.

Vanquished Creatures (collateral kills)
  Ijyb (D:3)
1 creature vanquished.

Vanquished Creatures (others)
  3 plants (D:2)
3 creatures vanquished.

Grand Total: 45 creatures vanquished

Notes
Turn   | Place    | Note
-------+----------+-------------------------------------------
     0 | D:1      | isthmus the Hill Orc Monk began the quest for the Orb.
     0 | D:1      | Reached XP level 1. HP: 19/19 MP: 1/1
   146 | D:1      | Reached XP level 2. HP: 10/26 MP: 2/2
   490 | D:1      | Reached skill level 5 in Axes
   945 | D:1      | Reached XP level 3. HP: 29/31 MP: 3/3
  1490 | D:2      | Found Ynesmud's Magic Scroll Shop.
  1492 | D:2      | Bought a scroll of teleportation for 36 gold pieces
  1492 | D:2      | Bought a scroll of identify for 24 gold pieces
  1493 | D:2      | Found Alouheck's Book Shoppe.
  1497 | D:2      | Found Qaregun's Book Emporium.
  1544 | D:2      | Found Nijiew's Jewellery Boutique.
  1596 | D:2      | Found a faded altar of an unknown god.
  1642 | D:2      | Prayed at the altar of an unknown god.
  1642 | D:2      | Became a worshipper of Makhleb the Destroyer
  1642 | D:2      | Reached * piety under Makhleb
  1642 | D:2      | Reached ** piety under Makhleb
  1666 | D:2      | Found Huer's General Store.
  1730 | D:2      | Reached skill level 6 in Axes
  2404 | D:3      | Reached *** piety under Makhleb
  2405 | D:3      | Reached XP level 4. HP: 39/39 MP: 4/4
  2411 | D:3      | Noticed Ijyb
  2443 | D:3      | Killed Ijyb
  2444 | D:3      | Reached skill level 1 in Invocations
  2624 | D:3      | Slain by an orc

Illustrated notes

Levels and vault maps discovered:
D:1:      eino_arrival_cavern_a, layout_rooms, serial_corexii_hall,
          corexii_hall_statues_i, corexii_hall_statues_l,
          chequers_hall_statues_wall_a, chequers_hall_statues_y
D:2:      layout_rooms, serial_shops, shop, nicolae_shop_behind_doors,
          nicolae_shop_waterfront, nicolae_shop_statue_plus, shop,
          basic_ecumenical_altar, serial_bayou, serial_bayou_lake_a,
          serial_bayou_crossing, serial_bayou_pond_b, serial_bayou_lagoon_a
D:3:      layout_basic, gup_sewer_entry_pipe, uniq_ijyb

Skill      XL: |  1  2  3  4 |
---------------+-------------+-----
Axes           | 5 6 |  6.7
Invocations    | 1 |  1.2
Fighting       | |  3.6
Dodging        | |  2.4
Stealth        | |  1.5

Action                   |  1- 3 |  4- 6 || total
-------------------------+-------+-------++-------
Melee: Hand axe          |   141 |    15 ||   156
       Punch             |     1 |       ||     1
Throw: Stone             |     2 |       ||     2
Invok: Minor Destruction |       |     5 ||     5
       Lesser Servant of |       |     1 ||     1
  Use: Scroll            |     1 |     1 ||     2
       Potion            |       |     2 ||     2
Armor: Robe              |    17 |       ||    17
       Leather armour    |     4 |     2 ||     6
Dodge: Dodged            |    84 |    10 ||    94
